 Dungeon Crawl Stone Soup version 0.29.1-1-gd02db6906a (webtiles) character file.

Game seed: 14708411261805868697

26985 LabCoat the Fighter (level 13, -2/177 HPs)
             Began as a Minotaur Fighter on Oct 15, 2022.
             Was the Champion of Okawaru.
             Succumbed to barbed spike wounds
             ... in a volcano.
             The game lasted 00:43:46 (11290 turns).

LabCoat the Fighter (Minotaur Fighter)             Turns: 11290, Time: 00:43:46

Health: -2/177     AC: 33    Str: 34    XL:     13   Next: 1%
Magic:  14/18      EV: 10    Int:  9    God:    Okawaru [******]
Gold:   834        SH: 12    Dex: 10    Spells: 12/12 levels left

rFire   . . .      SeeInvis .   s - +4 morningstar (drain)
rCold   . . .      Faith    .   J - +2 kite shield {AC+3}
rNeg    . . .      Spirit   .   w - +6 plate armour of Jaxamurghaess {*Slow Will+ Str+2 Int+4}
rPois   .          Reflect  .   (helmet restricted)
rElec   .          Harm     .   a - +0 cloak
rCorr   .          Rampage  .   N - +5 pair of gloves of Ysatoap {Slay+2}
Will    +....                   U - +1 pair of boots
Stlth   ..........              h - amulet of regeneration
HPRegen 1.19/turn               b - +4 ring of slaying
MPRegen 0.16/turn               y - +6 ring of strength

@: berserking, spiked, very quick
A: horns 2, retaliatory headbutt
a: Renounce Religion, Heroism, Finesse, Duel


You were in a volcano.
You worshipped Okawaru.
Okawaru was exalted by your worship.
You visited 3 branches of the dungeon, and saw 13 of its levels.
You also visited: Gauntlet and Volcano.

You collected 834 gold pieces.

Inventory:

Hand Weapons
 s - a +4 morningstar of draining (weapon)
 P - the +6 morningstar "Zaaxkihi" {spect, rCorr}
   (You took it off a minotaur in a Gauntlet)

   When its wielder attacks, the weapon's spirit leaps out and strikes again.
   The spirit shares a part of any damage it takes with its wielder.
   rCorr:     It protects you from acid and corrosion.
Missiles
 l - 11 poisoned darts
 D - 9 boomerangs (quivered)
 Q - 2 javelins
Armour
 a - a +0 cloak (worn)
 w - the +6 plate armour of Jaxamurghaess (worn) {*Slow Will+ Str+2 Int+4}
   (Okawaru gifted it to you on level 1 of the Lair of Beasts)

   Str:       It affects your strength (+2).
   Int:       It affects your intelligence (+4).
   *Slow:     It may slow you when you take damage.
   Will:      It increases your willpower.
 J - a +2 kite shield of protection (worn)
 N - the +5 pair of gloves of Ysatoap (worn) {Slay+2}
   (You found it in a Gauntlet)

   Slay:      It affects your accuracy & damage with ranged weapons and melee
   (+2).
 U - a +1 pair of boots (worn)
Magical Staves
 S - a staff of cold
Jewellery
 b - a +4 ring of slaying (left hand)
 c - a +6 ring of intelligence
 g - a ring of willpower
 h - an amulet of regeneration (around neck)
 i - a ring of willpower
 j - a ring of ice
 p - a ring of protection from cold
 v - an amulet of the acrobat
 y - a +6 ring of strength (right hand)
 A - a ring of ice
Wands
 k - a wand of quicksilver (4)
 q - a wand of flame (23)
 x - a wand of mindburst (1)
 C - a wand of polymorph (9)
 F - a wand of roots (7)
Scrolls
 m - 2 scrolls of amnesia
 E - 4 scrolls of teleportation
 G - a scroll of magic mapping
 K - a scroll of brand weapon {unknown}
 L - a scroll of silence
 O - 2 scrolls of poison {unknown}
Potions
 d - 2 potions of flight
 e - a potion of ambrosia {unknown}
 f - 2 potions of lignification
 n - 2 potions of mutation
 r - 3 potions of brilliance
 t - 2 potions of attraction
 u - 2 potions of heal wounds
 z - a potion of berserk rage
 B - a potion of cancellation {unknown}
 H - a potion of invisibility {unknown}
 I - 5 potions of curing
Miscellaneous
 o - a condenser vane
 M - a tin of tremorstones (2/2)
 R - a box of beasts


   Skills:
 * Level 12.2 Fighting
 + Level 10.2 Maces & Flails
 + Level 7.0 Throwing
 * Level 9.4 Armour
 + Level 9.3 Dodging
 + Level 9.1 Shields
 * Level 8.1 Invocations
 + Level 6.2 Evocations


You had 12 spell levels left.
You didn't know any spells.
Your spell library contained the following spells:

 Spells                   Type           Power      Damage    Failure   Level
 Magic Dart               Conj           0%         1d3       99%         1
 Sandblast                Erth           0%         2d4       99%         1
 Passwall                 Tmut/Erth      0%         N/A       100%        2
 Searing Ray              Conj           0%         2d4       100%        2
 Stone Arrow              Conj/Erth      0%         3d7       100%        3
 Fulminant Prism          Conj/Hex       0%         3d6       100%        4
 Petrify                  Tmut/Erth      0%         N/A       100%        4
 Metabolic Englaciation   Hex/Ice        0%         N/A       100%        5
 Statue Form              Tmut/Erth      0%         N/A       100%        6


Dungeon Overview and Level Annotations

Branches:
Dungeon (8/15)             Temple (1/1) D:6            Lair (4/5) D:8
 Shoals (0/4) Lair:2        Snake (0/4) Lair:2      Volcano (1/1)
Gauntlet (visited)
  Slime: Lair:4-5

Altars:
Ashenzari
Cheibriados
Dithmenos
Elyvilon
Fedhas
Gozag
Hepliaklqana
Kikubaaqudgha
Makhleb
Nemelex Xobeh
Okawaru
Qazlal
Ru
Sif Muna
Trog
Uskayaw
Vehumet
Wu Jian
Xom
Yredelemnul
Zin
The Shining One

Shops:
D:4 :

Annotations:
Lair:3 2 transporters, rlgrobin's ghost, journeyman DsNe


Innate Abilities, Weirdness & Mutations

You have a pair of horns on your head.
You reflexively headbutt those who attack you in melee.


Message History

The hell hound breathes flames at you. The blast of flame misses you.
The red devil barely misses you.
The hell knight hits you but does no damage.
You puncture the hell knight! You drain the hell knight.
The hell knight is heavily wounded.
You block the hell hound's attack.
The red devil hits you from afar with a +2 trident of flaming!
* * * LOW HITPOINT WARNING * * *
Barbed spikes become lodged in your body.
The red devil burns you.
* * * LOW HITPOINT WARNING * * *
The hell knight mumbles some strange prayers to its god against you.
The bolt of fire hits you!!
* * * LOW HITPOINT WARNING * * *
You impale the hell knight!! You drain the hell knight!
You kill the hell knight!
Okawaru accepts your kill. The hell hound closely misses you.
You block the hell hound's attack.
Your Throwing skill increases to level 7!
You have reached level 13!
Found six items.
Found a radiant altar of Vehumet.
Found a rocky tunnel leading out of this place.
The barbed spikes dig painfully into your body as you move.
* * * LOW HITPOINT WARNING * * *
You block the red devil's attack.
The hell hound bites you but does no damage.
Items here: ! ) [ †.
You completely miss the red devil.
The red devil is almost dead.
The red devil barely misses you. You furiously retaliate!
You headbutt the red devil!!
You kill the red devil!
Okawaru accepts your kill. The hell hound breathes flames at you.
The blast of flame hits you but does no damage.
You sock the hell hound! You headbutt the hell hound.
You kill the hell hound!
Okawaru accepts your kill.
The barbed spikes dig painfully into your body as you move.
You die...

#.....≈≈........##
##.............##
##.......##8.8#
##......###.##
##....## #.#
###### #'########
##### #........##
##?.†##########..#
#?.@).#☼#≈#≈#☼##.#
#...#.#☼#≈#≈#☼##.#
#...#.#☼#≈#≈#≈#..#
#[![##☼○.......#8#
#!_.##☼#≈#≈#≈#≈###
#)$)##☼#≈#≈#☼#≈#
##∩.##≈#≈#≈#☼#≈#
###############


There were no monsters in sight!

Vanquished Creatures
  A minotaur (Gauntlet)
  3 hydras
  A two-headed ogre (D:8)
  A tengu warrior (Gauntlet)
  3 death yaks (D:8)
  Nergalle (Lair:2)
  A sun demon (Volcano)
  A hell knight (Volcano)
  A sixfirhy (Gauntlet)
  An obsidian statue (Volcano)
  A deep elf pyromancer (D:8)
  An ugly thing (D:8)
  2 cyclopes (D:8)
  An apocalypse crab (Gauntlet)
  Maurice (D:8)
  A merfolk siren (Lair:2)
  3 elephants (Lair:3)
  A black mamba (Lair:3)
  3 cane toads
  2 rime drakes
  A komodo dragon (Lair:2)
  A red devil (Volcano)
  A tengu conjurer (Gauntlet)
  2 burning bushes (Lair:1)
  2 polar bears (Lair:3)
  A troll (D:8)
  8 blink frogs (Lair:3)
  A wyvern (D:8)
  A vampire (D:8)
  17 yaks
  A basilisk (Lair:1)
  9 fire bats
  3 steam dragons
  An acid dragon (D:8)
  A hell hound (Volcano)
  12 water moccasins
  2 sky beasts
  An ice beast (D:5)
  4 black bears
  3 ogres
  2 centaurs (D:8)
  6 wolves (Lair:3)
  A phantom (D:5)
  3 necrophages
  12 bullfrogs
  A gnoll sergeant (D:7)
  2 scorpions
  9 wights
  A killer bee (D:8)
  4 howler monkeys (D:8)
  6 lava snakes (Volcano)
  4 jellies
  8 orc priests
  4 hounds
  A gnoll bouda (D:8)
  6 orc wizards
  4 iguanas
  Natasha (D:4)
  4 gnolls
  6 adders
  2 shadow imps
  3 white imps (D:8)
  2 ufetubi (Gauntlet)
  A worm (D:5)
  2 dart slugs
  30 orcs
  6 endoplasms
  3 giant cockroaches
  2 hobgoblins
  4 jackals (D:3)
  3 quokkas
  3 ball pythons
  3 bats (D:1)
  3 frilled lizards
  6 goblins
  2 kobolds (D:1)
  8 rats
270 creatures vanquished.

Vanquished Creatures (others)
  5 fungi (Lair:3)
  4 plants (Lair:3)
9 creatures vanquished.

Grand Total: 279 creatures vanquished

Notes
Turn   | Place    | Note
-------+----------+-------------------------------------------
     0 | D:1      | LabCoat the Minotaur Fighter began the quest for the Orb.
     0 | D:1      | Reached XP level 1. HP: 19/19 MP: 0/0
   102 | D:1      | Reached XP level 2. HP: 22/27 MP: 1/1
   368 | D:1      | Found a faded altar of an unknown god.
   455 | D:1      | Reached skill level 4 in Fighting
   970 | D:2      | Reached XP level 3. HP: 33/33 MP: 2/2
  2038 | D:4      | Reached skill level 1 in Dodging
  2115 | D:4      | Reached XP level 4. HP: 41/41 MP: 3/3
  2131 | D:4      | Noticed a necrophage
  2141 | D:4      | Killed a necrophage
  2142 | D:4      | Reached skill level 1 in Throwing
  2142 | D:4      | Reached skill level 1 in Evocations
  2142 | D:4      | Reached XP level 5. HP: 45/47 MP: 4/4
  2224 | D:4      | Noticed Natasha
  2228 | D:4      | Killed Natasha
  2341 | D:4      | Found Penacos's Book Shop.
  2657 | D:5      | Entered Level 5 of the Dungeon
  2671 | D:5      | Reached skill level 5 in Fighting
  2765 | D:5      | Noticed a black bear
  2772 | D:5      | Killed a black bear
  2773 | D:5      | Reached XP level 6. HP: 53/56 MP: 5/5
  2899 | D:5      | Noticed an ice beast
  2913 | D:5      | Killed an ice beast
  2914 | D:5      | Reached XP level 7. HP: 58/62 MP: 6/6
  2978 | D:5      | Reached skill level 5 in Maces & Flails
  3086 | D:5      | Reached skill level 6 in Fighting
  3219 | D:5      | Reached skill level 5 in Shields
  3235 | D:5      | Found a glowing silver altar of Zin.
  3236 | D:5      | Found an iron altar of Okawaru.
  3236 | D:5      | Found a burning altar of Makhleb.
  3238 | D:5      | Found a sacrificial altar of Ru.
  3256 | D:5      | Became a worshipper of Warmaster Okawaru
  3298 | D:5      | Reached skill level 5 in Armour
  3640 | D:6      | Found a staircase to the Ecumenical Temple.
  3652 | D:6      | Reached XP level 8. HP: 33/71 MP: 7/7
  3723 | Temple   | Entered the Ecumenical Temple
  3971 | D:6      | Reached * piety under Okawaru
  3973 | D:6      | Reached skill level 7 in Fighting
  4022 | D:6      | Found a bloodstained altar of Trog.
  4022 | D:6      | Found a white marble altar of Elyvilon.
  4022 | D:6      | Found a sparkling altar of Nemelex Xobeh.
  4022 | D:6      | Found a shimmering altar of Xom.
  4028 | D:6      | Found a shadowy altar of Dithmenos.
  4028 | D:6      | Found a stormy altar of Qazlal.
  4616 | D:7      | Reached XP level 9. HP: 70/79 MP: 8/8
  4698 | D:7      | Reached ** piety under Okawaru
  4699 | D:7      | Reached skill level 1 in Invocations
  4992 | D:7      | Reached skill level 8 in Fighting
  5260 | D:7      | HP: 1/74 [wight/+1 halberd (9)]
  6076 | D:8      | Noticed a troll
  6087 | D:8      | Killed a troll
  6087 | D:8      | Reached *** piety under Okawaru
  6138 | D:8      | Noticed a seven-headed hydra
  6138 | D:8      | Noticed a cyclops
  6152 | D:8      | Killed a seven-headed hydra
  6153 | D:8      | Reached skill level 5 in Dodging
  6153 | D:8      | Reached XP level 10. HP: 16/90 MP: 8/11
  6156 | D:8      | Killed a cyclops
  6156 | D:8      | Reached **** piety under Okawaru
  6156 | D:8      | Received a gift from Okawaru
  6247 | D:8      | Reached skill level 9 in Fighting
  6317 | D:8      | Noticed a cyan ugly thing
  6317 | D:8      | Noticed a cyclops
  6329 | D:8      | Killed a cyan ugly thing
  6332 | D:8      | Killed a cyclops
  6392 | D:8      | Reached skill level 5 in Throwing
  6812 | D:8      | Noticed Maurice
  6863 | D:8      | Killed Maurice
  6988 | D:8      | Noticed a deep elf pyromancer
  6990 | D:8      | Noticed a death yak
  6991 | D:8      | Killed a deep elf pyromancer
  6991 | D:8      | Reached ***** piety under Okawaru
  6992 | D:8      | Reached skill level 5 in Invocations
  6994 | D:8      | Noticed a death yak
  6995 | D:8      | Noticed a death yak
  7014 | D:8      | Noticed a two-headed ogre
  7021 | D:8      | Killed a death yak
  7022 | D:8      | Reached XP level 11. HP: 23/99 MP: 13/13
  7024 | D:8      | Killed a death yak
  7025 | D:8      | Reached skill level 10 in Fighting
  7026 | D:8      | Killed a death yak
  7048 | D:8      | Killed a two-headed ogre
  7116 | D:8      | Found a staircase to the Lair.
  7742 | Lair:1   | Entered Level 1 of the Lair of Beasts
  7758 | Lair:1   | Identified the +6 plate armour of Jaxamurghaess {*Slow
                  | Will+ Str+2 Int+4} (Okawaru gifted it to you on level 1 of
                  | the Lair of Beasts)
  7758 | Lair:1   | Received a gift from Okawaru
  7912 | Lair:1   | Reached skill level 5 in Evocations
  8684 | Lair:2   | Noticed Nergalle
  8692 | Lair:2   | Killed Nergalle
  8724 | Lair:2   | Found a gate leading to a gauntlet.
  8740 | Gauntlet | Entered a Gauntlet
  8740 | Gauntlet | Noticed a tengu warrior
  8740 | Gauntlet | Found a transporter.
  8740 | Gauntlet | Found a transporter.
  8752 | Gauntlet | Found a transporter.
  8768 | Gauntlet | Noticed a sixfirhy
  8769 | Gauntlet | Found a transporter.
  8769 | Gauntlet | Found a transporter.
  8770 | Gauntlet | Found a transporter.
  8773 | Gauntlet | Found a transporter.
  8773 | Gauntlet | Found a transporter.
  8776 | Gauntlet | Noticed a fire crab
  8784 | Gauntlet | Noticed a deep troll
  8784 | Gauntlet | a deep troll changed into a snapping turtle
  8795 | Gauntlet | Found a transporter.
  8802 | Gauntlet | Found a transporter.
  8804 | Gauntlet | Noticed a death yak
  8804 | Gauntlet | Noticed a death yak
  8805 | Gauntlet | Noticed a death yak
  8805 | Gauntlet | Noticed a death yak
  8807 | Gauntlet | Noticed a necromancer
  8812 | Gauntlet | Found a transporter.
  8826 | Gauntlet | Found a transporter.
  8846 | Gauntlet | Found a transporter.
  8847 | Gauntlet | Found a runed translucent door.
  8851 | Gauntlet | Noticed a catoblepas
  8860 | Gauntlet | Found a transporter.
  8904 | Gauntlet | Killed a tengu warrior
  8970 | Gauntlet | Killed a sixfirhy
  8986 | Gauntlet | Noticed a shining eye
  9036 | Gauntlet | Identified the +5 pair of gloves of Ysatoap {Slay+2}
  9092 | Gauntlet | Identified the +6 morningstar "Zaaxkihi" {spect, rCorr}
  9092 | Gauntlet | Noticed a minotaur
  9095 | Gauntlet | Identified the +8 trident "Tyerch" {venom, rPois rN+ Int-4}
  9099 | Gauntlet | Killed a minotaur
  9290 | Lair:2   | Found a staircase to the Shoals.
  9299 | Lair:2   | Reached skill level 11 in Fighting
  9369 | Lair:2   | Found a staircase to the Snake Pit.
  9840 | Lair:2   | Reached XP level 12. HP: 110/110 MP: 16/16
 10286 | Lair:3   | Received a gift from Okawaru
 10591 | Lair:3   | Noticed a five-headed hydra
 10598 | Lair:3   | Killed a five-headed hydra
 10602 | Lair:3   | Identified the +0 ring mail "Qainal" {Rampage Stlth+}
                  | (Okawaru gifted it to you on level 3 of the Lair of Beasts)
 10602 | Lair:3   | Received a gift from Okawaru
 10631 | Lair:3   | Reached ****** piety under Okawaru
 10717 | Lair:3   | Found a transporter.
 10723 | Lair:3   | Found a bloodstained altar of Trog.
 10726 | Lair:3   | Noticed rlgrobin's ghost (journeyman DsNe)
 10734 | Lair:3   | Found a transporter.
 10777 | Lair:3   | Noticed a five-headed hydra
 10784 | Lair:3   | Killed a five-headed hydra
 10785 | Lair:3   | Reached skill level 10 in Maces & Flails
 10917 | Lair:3   | Reached skill level 12 in Fighting
 11076 | Lair:4   | Found a dark tunnel.
 11086 | Volcano  | Entered a volcano
 11285 | Volcano  | HP: 4/168 [hell knight/bolt of fire (21)]
 11287 | Volcano  | Reached XP level 13. HP: 5/118 MP: 14/18
 11287 | Volcano  | Found a radiant altar of Vehumet.
 11287 | Volcano  | HP: 1/177 [barbs]
 11290 | Volcano  | Succumbed to barbed spike wounds

Illustrated notes

Levels and vault maps discovered:
D:1:      dpeg_arrival_oval, layout_rooms, basic_ecumenical_altar, hex_medium
D:2:      layout_rooms
D:3:      layout_basic, kennysheep_another_room, minmay_misc_feat_more_columns
D:4:      layout_loops_cross, serial_shops, nicolae_shop_hallway_stairs,
          uniq_natasha
D:5:      layout_basic, chequers_temple_overflow_statue_of_worship
D:6:      kennysheep_spiral_hall, layout_basic, minmay_overflow_temple_hex,
          minmay_temple_entry_proselytizer
D:7:      layout_layer_cave, hangedman_abyss_or_decor_stabs
D:8:      nzn_winding_woodlands_stair_cross
          [nzn_winding_woodlands_5x15_sidewinder,
          nzn_winding_woodlands_center_lodge, nzn_winding_woodlands_5x15_parted,
          nzn_winding_woodlands_hourglass, nzn_winding_woodlands_5x5_three,
          nzn_winding_woodlands_5x15_split_checker,
          nzn_winding_woodlands_center_diamonds,
          nzn_winding_woodlands_5x15_cabin], layout_basic, dpeg_lair_monsters,
          enter_bailey_2, uniq_maurice
Temple:   nicolae_temple_bog_church
Lair:1:   layout_gridlike, evilmike_ambush [evilmike_ambush_outer_basic,
          evilmike_ambush_inner_pond]
Lair:2:   layout_layer_cave, minmay_shoals_entry_lonely_mermaid,
          dummy_snake_entry, gauntlet_entry_generic, uniq_nergalle
Lair:3:   layout_cave_pods, gammafunk_ghost_wrathful_warriors
Lair:4:   layout_cave_pods, nicolae_volcano_entry_batcave
Volcano:  volcano_grotto [vgs_trial_by_fire]

Skill      XL: |  1  2  3  4  5  6  7  8  9 10 11 12 |
---------------+-------------------------------------+-----
Fighting       | 4 5 6 7 8 9 11 12 | 12.2
Maces & Flails | 3 4 5 6 8 9 10 | 10.2
Shields        | 4 5 6 7 8 9 |  9.1
Dodging        | 1 2 3 4 5 6 8 9 |  9.3
Throwing       | 1 2 3 4 5 6 7 |  7.0
Armour         | 4 5 6 7 8 9 |  9.4
Evocations     | 1 2 3 4 5 6 |  6.2
Invocations    | 3 5 6 8 |  8.1

Action                   |  1- 3 |  4- 6 |  7- 9 | 10-12 | 13-15 || total
-------------------------+-------+-------+-------+-------+-------++-------
Melee: Flail             |    53 |       |       |       |       ||    53
       Headbutt          |     5 |    16 |    43 |    76 |     1 ||   141
       Mace              |    26 |    75 |   190 |       |       ||   291
       Morningstar       |       |       |    16 |   329 |     2 ||   347
       Unarmed           |       |       |       |     6 |       ||     6
Throw: Dart              |    31 |     6 |    14 |     6 |       ||    57
       Boomerang         |       |       |       |    42 |       ||    42
       Javelin           |       |       |       |     2 |       ||     2
Invok: Heroism           |       |       |     3 |     4 |       ||     7
       Finesse           |       |       |       |     4 |       ||     4
Evoke: Wand              |       |       |     8 |    13 |       ||    21
  Use: Scroll            |     5 |     4 |    10 |     7 |       ||    26
       Potion            |       |       |     5 |     3 |       ||     8
Armor: Scale mail        |    25 |       |       |       |       ||    25
       Chain mail        |    13 |    40 |   111 |    38 |       ||   202
       Skin              |       |       |       |     3 |       ||     3
       Plate armour      |       |       |       |   131 |     2 ||   133
Dodge: Dodged            |    25 |    23 |    85 |   118 |     1 ||   252
Block: Buckler           |    23 |    23 |    49 |       |       ||    95
       Kite shield       |       |       |    33 |   193 |     1 ||   227
